Map: Dash and Terminal LE (Void)

Players

Chernobog - Winner!

  • Race: Protoss Protoss
  • League: Gold

SCIPIO

  • Race: Protoss Protoss
  • League: Gold

VOD

Have the link to the VOD?

Description

Time

  • Played on: Oct. 16, 2015, 4:57 a.m.
  • Length: 10:29
Show
View Real Time Build Order
Export as new Build Order

Chernobog Protoss - Winner!

Build Orders:  

Get SALT Encoding   

  12  0:01  Probe (Chrono Boost)  
  13  0:15  Pylon  
  13  0:19  Probe (Chrono Boost)  
  14  0:29  Probe (Chrono Boost)  
  15  0:39  Gateway  
  15  0:40  Probe (Chrono Boost)  
  16  0:45  Assimilator  
  16  0:50  Probe (Chrono Boost)  
  17  1:01  Probe (Chrono Boost)  
  18  1:12  Probe (Chrono Boost)  
  19  1:24  Probe (Chrono Boost)  
  20  1:29  Cybernetics Core  
  20  1:45  Nexus  
  20  1:46  Probe (Chrono Boost)  
  21  1:50  Zealot  
  23  1:56  Assimilator  
  23  2:13  Robotics Facility  
  23  2:16  Pylon  
  23  2:26  Warp Gate (Chrono Boost)  
  23  2:34  Probe (Chrono Boost)  
  23  2:35  Pylon  
  24  2:42  Adept  
  26  2:45  Probe  
  27  2:57  Gateway  
  27  3:09  Mothership Core  
  29  3:15  Immortal (Chrono Boost)  
  33  3:21  Probe  
  34  3:27  Stalker  
  36  3:36  Probe  
  36  3:37  Probe  
  38  3:50  Stalker  
  38  3:55  Mothership Core  
  35  4:23  Immortal  
  39  4:33  Stalker x2  
  43  4:44  Probe  
  44  4:45  Probe  
  43  4:54  Probe  
  43  4:57  Stalker x2  
  43  4:59  Probe  
  45  5:08  Probe  
  46  5:19  Pylon  
  46  5:35  Probe  
  46  5:36  Gateway  
  46  5:37  Probe  
  46  5:41  Gateway  
  48  5:48  Robotics Bay  
  48  6:04  Probe  
  48  6:05  Probe  
  48  6:08  Stalker  
  48  6:10  Sentry  
  54  6:14  Probe  
  54  6:17  Probe  
  53  6:25  Probe  
  54  6:37  Pylon  
  54  6:54  Probe  
  54  6:55  Probe, Disruptor (Chrono Boost)  
  54  6:59  Pylon  
  59  7:01  Stalker  
  59  7:04  Probe  
  62  7:10  Probe  
  62  7:15  Probe  
  60  7:22  Probe  
  62  7:25  Probe  
  66  7:34  Probe, Warp Prism (Chrono Boost)  
  66  7:41  Stalker x2, Forge  
  70  7:52  Pylon  
  70  7:53  Pylon  
  70  8:04  Pylon  
  70  8:09  Probe  
  70  8:10  Probe  
  72  8:19  Probe  
  72  8:22  Probe  
  72  8:23  Gateway  
  72  8:24  Gateway  
  73  8:28  Stalker x4  
  69  8:45  Probe  
  69  8:46  Probe  
  69  8:56  Probe  
  69  8:58  Probe  
  71  9:04  Stalker x2  
  71  9:05  Stalker, Zealot  
  63  9:54  Stalker x3, Zealot  
  72  10:26  Stalker x2  
  72  10:27  Stalker x2, Zealot x2  
Show
View Real Time Build Order
Export as new Build Order

SCIPIO Protoss 

Build Orders: Oracle Opening 

Get SALT Encoding   

  12  0:02  Probe (Chrono Boost)  
  13  0:13  Probe (Chrono Boost)  
  14  0:18  Pylon  
  14  0:23  Probe (Chrono Boost)  
  15  0:36  Probe (Chrono Boost)  
  16  0:45  Gateway  
  16  0:46  Probe (Chrono Boost)  
  18  0:57  Probe (Chrono Boost)  
  18  0:58  Assimilator  
  18  1:00  Assimilator  
  18  1:10  Probe (Chrono Boost)  
  19  1:15  Gateway  
  19  1:21  Probe (Chrono Boost)  
  20  1:28  Pylon  
  20  1:31  Probe (Chrono Boost)  
  21  1:36  Cybernetics Core  
  21  1:44  Probe (Chrono Boost)  
  22  1:54  Probe (Chrono Boost)  
  23  2:05  Probe (Chrono Boost)  
  24  2:13  Stalker (Chrono Boost)  
  24  2:15  Stalker (Chrono Boost)  
  30  2:16  Mothership Core (Chrono Boost)  
  30  2:18  Warp Gate  
  30  2:34  Probe  
  31  2:48  Pylon  
  31  2:50  Pylon  
  31  2:55  Stargate  
  31  3:06  Nexus  
  31  3:25  Pylon  
  31  3:31  Stalker x2  
  35  3:44  Pylon  
  35  3:59  Pylon, Oracle  
  38  4:08  Stalker x2  
  39  4:21  Probe (Chrono Boost)  
  39  4:22  Probe (Chrono Boost)  
  41  4:38  Stalker  
  41  4:39  Probe (Chrono Boost)  
  41  4:40  Probe (Chrono Boost)  
  45  4:50  Probe (Chrono Boost)  
  46  5:13  Pylon  
  46  5:15  Pylon  
  46  5:27  Pylon  
  46  5:28  Pylon  
  46  5:30  Probe, Pylon  
  46  5:31  Probe  
  46  5:32  Void Ray (Chrono Boost)  
  46  5:33  Stalker x2  
  56  5:40  Probe  
  57  5:49  Pylon  
  57  5:50  Probe  
  57  5:51  Probe, Pylon  
  57  5:53  Pylon  
  59  6:02  Probe x2  
  61  6:07  Pylon  
  61  6:09  Void Ray (Chrono Boost)  
  65  6:14  Stalker  
  65  6:15  Stalker  
  69  6:27  Gateway  
  69  6:28  Gateway  
  69  6:33  Probe  
  69  6:35  Probe  
  69  6:37  Forge  
  69  6:38  Assimilator  
  71  6:47  Stalker x2  
  75  6:56  Void Ray (Chrono Boost)  
  79  7:01  Assimilator  
  79  7:04  Pylon  
  79  7:15  Probe  
  79  7:16  Probe  
  81  7:28  Probe  
  81  7:29  Probe  
  83  7:34  Nexus  
  83  7:35  Pylon  
  83  7:38  Photon Cannon  
  83  7:40  Protoss Ground Weapons Level 1  
  83  7:49  Probe  
  83  7:50  Photon Cannon  
  83  7:51  Probe  
  85  8:00  Probe  
  85  8:05  Probe, Pylon  
  87  8:10  Probe  
  88  8:17  Probe  
  89  8:21  Probe  
  90  8:29  Probe  
  90  8:32  Probe  
  90  8:33  Void Ray (Chrono Boost)  
  91  8:42  Probe x2  
  85  8:48  Photon Cannon  
  85  8:49  Stalker  
  85  8:50  Stalker  
  85  8:53  Probe  
  85  8:54  Probe  
  89  9:19  Nexus  
  69  9:26  Stalker x2  
  69  9:27  Stalker x2  
  64  9:41  Void Ray (Chrono Boost)  
  65  9:52  Stalker  
  65  9:53  Stalker  
  65  9:55  Sentry  
  65  9:56  Sentry  
Tags
 
Add a new tag
Caveats
  • Supply blocks, unpowered buildings, or Contaminate may cause inaccurate times.
  • Supply counts are checked every 10 seconds.